AoeStats
← Chiripa605

African Clearing

510352159Analyzed
4v4 RM · 1d ago on Sep 30, 2026· 46m 16s· 8 players
Game mode
Random Map
Map size
Large (8 player)
Population
200
Speed
Normal
Resources
Standard
Victory
Conquest
Starting age
Dark Age
Ending age
Imperial Age
RankedLock teamsTeams togetherTeam positionsShared explorationLock speedFull tech treeHidden civsTurbo modeCheats
Victory
Defeat
🇨🇳 Koreans · China
1518
+18
🇫🇮 Vietnamese · Finland
1505
+18
🇺🇸 Maya · United States
1484
+19
🇺🇸 Hindustanis · United States
1471
+21
🇭🇰 Cumans · Hong Kong SAR China
1594
-20
🇭🇰 Varangians · Hong Kong SAR China
1574
-20
🇭🇰 Mongols · Hong Kong SAR China
1563
-19
🇭🇰 Malay · Hong Kong SAR China
1503
-17
Chiripa605
3:29 Loom
12:38 Feudal Age
13:06 Double-Bit Axe
18:21 Castle Age
20:03 Bow Saw
21:54 Horse Collar
24:21 Wheelbarrow
24:45 Gold Mining
26:18 Stone Mining
27:01 Hand Cart
31:10 Imperial Age
29:09 Scale Mail Armor
29:18 Squires
29:41 Heavy Plow
31:09 Arson
32:58 Two-Man Saw
32:38 Chain Mail Armor
33:04 Murder Holes
33:41 Forging
33:45 Fletching
34:31 Conscription
34:35 Bodkin Arrow
35:30 Elite Ghulam
37:11 Bloodlines
37:01 Husbandry
37:39 Iron Casting
37:55 Gold Shaft Mining
38:16 Scale Barding Armor
37:37 Light Cavalry
39:22 Hussar
42:17 Blast Furnace
41:39 Chain Barding Armor
41:18 Heavy Camel Rider
43:23 Bracer
42:50 Imperial Camel Rider
44:51 Plate Barding Armor
45:31 Grand Trunk Road
45:44 Siege Elephant
RedMess
5:38 Loom
12:37 Feudal Age
16:58 Castle Age
15:34 Double-Bit Axe
18:07 Bow Saw
20:19 Horse Collar
21:39 Heavy Plow
21:44 Town Watch
27:30 Gold Mining
28:01 Stone Mining
29:21 Wheelbarrow
30:32 Stone Shaft Mining
30:11 Forging
29:25 Eagle Warrior
30:06 Squires
29:51 Arson
31:27 Iron Casting
33:58 Imperial Age
31:44 Hand Cart
31:38 Scale Mail Armor
31:42 Squires
31:36 Eagle Warrior
32:02 Arson
33:08 Chain Mail Armor
33:12 Town Patrol
34:14 Fletching
35:43 Blast Furnace
34:17 Elite Eagle Warrior
35:22 Bodkin Arrow
35:57 Plate Mail Armor
36:29 Two-Man Saw
36:00 Crop Rotation
35:56 Conscription
36:44 Holcans
37:15 Ballistics
36:36 Treadmill Crane
38:16 Hoardings
37:54 Fortified Wall
38:36 Bodkin Arrow
38:54 Masonry
40:04 Bracer
43:13 Architecture
Zaissi
12:27 Feudal Age
10:47 Loom
12:32 Feudal Age
15:45 Scale Barding Armor
16:45 Fletching
24:16 Castle Age
22:38 Double-Bit Axe
22:33 Horse Collar
22:44 Gold Mining
25:47 Bow Saw
26:08 Scale Mail Armor
28:57 Light Cavalry
35:50 Gold Mining
36:06 Heavy Plow
37:26 Forging
39:28 Man-at-Arms
40:09 Squires
40:24 Chain Mail Armor
40:15 Stone Mining
42:56 Long Swordsman
46:06 Wheelbarrow
46:16 Wheelbarrow
Hash-
11:31 Loom
13:47 Feudal Age
17:33 Castle Age
16:05 Double-Bit Axe
17:38 Fletching
19:36 Bodkin Arrow
30:34 Horse Collar
32:10 Wheelbarrow
32:20 Husbandry
33:28 Bow Saw
33:38 Gold Mining
35:18 Hand Cart
40:14 Imperial Age
38:08 Ballistics
38:37 Thumb Ring
39:36 Heavy Plow
39:48 Town Watch
40:09 Elite Skirmisher
42:02 Chemistry
41:15 Bracer
42:16 Heavy Cavalry Archer
43:15 Arrowslits
45:22 Conscription
44:39 Imperial Skirmisher
局長
3:20 Loom
13:20 Feudal Age
14:36 Wheelbarrow
13:50 Double-Bit Axe
17:49 Gold Mining
20:48 Fletching
25:21 Castle Age
31:37 Bow Saw
32:17 Scale Barding Armor
32:10 Horse Collar
33:35 Bloodlines
34:16 Forging
35:11 Heavy Plow
35:37 Chain Barding Armor
35:31 Stone Mining
36:57 Iron Casting
39:16 Hand Cart
38:46 Town Watch
47:15 Imperial Age
馬仔
3:16 Loom
15:13 Feudal Age
19:11 Castle Age
17:23 Fishing Lines
17:49 Double-Bit Axe
19:43 Wheelbarrow
19:24 Stone Mining
24:13 Husbandry
26:23 Bloodlines
26:35 Scale Barding Armor
26:58 Horse Collar
28:11 Chain Barding Armor
28:27 Bow Saw
30:08 Forging
31:27 Fletching
32:13 Iron Casting
32:18 Heavy Plow
36:44 Imperial Age
36:08 Gold Mining
36:06 Vendel Legacy
37:31 Hand Cart
37:54 Conscription
37:10 Cavalier
38:58 Town Watch
chiching818
13:37 Feudal Age
12:19 Loom
13:34 Double-Bit Axe
13:45 Town Watch
18:52 Castle Age
28:52 Fishing Lines
31:10 Wheelbarrow
32:16 Bow Saw
38:59 Forging
41:07 Fletching
43:52 Imperial Age
evi
3:39 Loom
13:47 Feudal Age
17:41 Castle Age
15:49 Double-Bit Axe
20:14 Bow Saw
23:04 Fletching
27:20 Bloodlines
29:05 Wheelbarrow
29:11 Gold Mining
31:21 Horse Collar
31:45 Bodkin Arrow
33:04 Ballistics
36:49 Imperial Age
35:10 Gold Shaft Mining
35:12 Padded Archer Armor
35:03 Stone Mining
36:56 Hand Cart
37:01 Hand Cart
36:53 Thumb Ring
37:24 Stone Shaft Mining
38:20 Conscription
38:11 Bracer
37:39 Elite Mangudai
39:07 Parthian Tactics
40:20 Chemistry
39:18 Town Watch
39:45 Husbandry
39:06 Light Cavalry
40:26 Hussar
42:06 Leather Archer Armor
42:56 Drill
43:01 Scale Barding Armor
43:07 Forging
44:17 Capped Ram
45:02 Town Patrol
45:13 Masonry
Connection lost

Rejoining the realm…

Still unreachable

The connection could not be restored.

Session expired

The server has moved on; the page needs a fresh start.